 Dungeon Crawl Stone Soup version 0.24-a0-446-g87df7205b4 (webtiles) character file.

Game seed: 843246085216663148

702375 Conn the Archmage (level 27, -9/142 (146) HPs)
             Began as a Deep Elf Fire Elementalist on June 22, 2019.
             Was the Champion of Sif Muna.
             Mangled by a death scarab (12 damage)
             ... while petrified
             ... on level 3 of the Tomb of the Ancients on June 23, 2019.
             The game lasted 08:45:11 (91831 turns).

Conn the Archmage (Deep Elf Fire Elementalist)     Turns: 91831, Time: 08:45:11

HP:   -9/142 (146)  AC: 16    Str:  5 (8)  XL:     27
MP:   0/56          EV:  2    Int: 40 (42) God:    Sif Muna [******]
Gold: 1256          SH:  0    Dex: 13 (17) Spells: 5/80 levels left

rFire    . . .     SeeInvis .   k - staff of conjuration
rCold    + . .     Gourm    .   q - +5 large shield of Sovereignty {rCorr}
rNeg     + + +     Faith    .   U - +2 robe {Archmagi}
rPois    ∞         Spirit   .   (helmet restricted)
rElec    +         Reflect  +   v - +3 cloak of Olocaplale {rC+ rN+}
rCorr    +         Harm     .   r - +2 pair of gloves {archery}
MR       +++..     Rnd*Tele +   j - +2 pair of boots {run}
Stlth    ++........             R - +5 amulet of reflection
HPRegen  0.33/turn              o - ring "Iruargh" {rN++ MR+ AC+1 Int-2}
MPRegen  0.35/turn              y - ring of Astasol {Wiz rElec Str-4 Int+6 Dex+4}

@: brilliant, petrified, contaminated, hasted, glowing, studying Shields,
deflect missiles, quick
A: horns 1, talons 1, clever 1, clumsy 1, deterioration 2, screaming 1, strong
2, teleportitis 1, evolution 1, subdued magic 1
}: 4/15 runes: serpentine, barnacled, slimy, silver
a: Divine Energy, Channel Magic, Forget Spell, Renounce Religion


You were on level 3 of the Tomb of the Ancients.
You worshipped Sif Muna.
Sif Muna was exalted by your worship.
You were very hungry.

You visited 12 branches of the dungeon, and saw 56 of its levels.
You visited 1 bazaar.
You also visited: Trove, Sewer, Ossuary and Wizlab.

You collected 10313 gold pieces.
You spent 9057 gold pieces at shops.

Inventory:

Hand Weapons
 K - a +9 short sword of electrocution
 P - the +4 scythe "Allacurus" {protect, rC+ rN++ MR+ Str-3}
   (You took it off a tengu warrior on level 2 of the Depths)

   It grants its wielder temporary protection when it strikes (+7 to AC).
   It affects your strength (-3).
   It protects you from cold.
   It greatly protects you from negative energy.
   It affects your resistance to hostile enchantments.
Missiles
 O - 17 curare-tipped darts (quivered)
Armour
 j - a +2 pair of boots of running (worn)
 p - a +2 robe of magic resistance
 q - the +5 large shield of Sovereignty (worn) {rCorr}
   (You took it off Louise on level 3 of the Shoals)

   It provides partial protection from all sources of acid and corrosion.
 r - a +2 pair of gloves of archery (worn)
 u - a +3 buckler of poison resistance
 v - the +3 cloak of Olocaplale (worn) {rC+ rN+}
   (You found it on level 3 of the Depths)

   It protects you from cold.
   It protects you from negative energy.
 E - the +0 pair of boots of Ylore {-Tele rF+ Regen+ Dex+6}
   (You acquired it in a bazaar)

   It affects your dexterity (+6).
   It protects you from fire.
   It prevents most forms of teleportation.
   It increases your rate of regeneration.
 H - the cursed +0 leather armour of Defence {*Corrode rC++ Int+5}
   (You bought it in a shop in a bazaar)

   It affects your intelligence (+5).
   It greatly protects you from cold.
   It may corrode you when you take damage.
   It has a curse placed upon it.
 L - a +2 robe of resistance
 Q - the +0 buckler of Lentaum {rCorr}
   (You found it on level 3 of the Elven Halls)

   It provides partial protection from all sources of acid and corrosion.
 U - a +2 robe of the Archmagi (worn)
Magical Staves
 e - an uncursed staff of wizardry
 k - an uncursed staff of conjuration (weapon)
Jewellery
 b - the ring of the Seer {rC+ MP+9 Str+4 Int+6 Dex-2}
   (You bought it in a shop on level 3 of the Snake Pit)

   [ring of protection from cold]

   It affects your strength (+4).
   It affects your intelligence (+6).
   It affects your dexterity (-2).
   It protects you from cold.
   It affects your magic capacity (+9).
 i - the ring "Maamasu" {*Corrode rElec MP+9 Dex+5}
   (You bought it in a shop on level 13 of the Dungeon)

   [ring of magical power]

   It affects your dexterity (+5).
   It insulates you from electricity.
   It affects your magic capacity (+9).
   It may corrode you when you take damage.
 o - the ring "Iruargh" (left hand) {rN++ MR+ AC+1 Int-2}
   (You bought it in a shop on level 13 of the Dungeon)

   [ring of protection]

   It affects your AC (+1).
   It affects your intelligence (-2).
   It greatly protects you from negative energy.
   It affects your resistance to hostile enchantments.
 t - the amulet "Otzup" {Faith Dex+3}
   (You found it on level 1 of the Snake Pit)

   [amulet of faith]

   It allows you to gain divine favour quickly.
   It affects your dexterity (+3).
 y - the ring of Astasol (right hand) {Wiz rElec Str-4 Int+6 Dex+4}
   (You bought it in a shop on level 13 of the Dungeon)

   [ring of wizardry]

   It improves your spell success rate.
   It affects your strength (-4).
   It affects your intelligence (+6).
   It affects your dexterity (+4).
   It insulates you from electricity.
 I - the ring "Fyuberoe" {*Tele rElec}
   (You took it off a spriggan air mage on level 3 of the Depths)

   [ring of teleportation]

   It may teleport you next to monsters.
   It insulates you from electricity.
 R - a +5 amulet of reflection (around neck)
 T - an uncursed ring of see invisible
 X - an uncursed ring of ice
 Y - the ring "Guyn Xec" {+Blink rElec rF++ MR+ EV+4 Str-2}
   (You took it off an ironbrand convoker on level 2 of the Vaults)

   [ring of evasion]

   It affects your evasion (+4).
   It affects your strength (-2).
   It greatly protects you from fire.
   It insulates you from electricity.
   It affects your resistance to hostile enchantments.
   It lets you blink.
 Z - an uncursed ring of fire
Wands
 B - a wand of clouds (6)
 S - a wand of acid (49)
 W - a wand of digging (1)
Scrolls
 d - 27 scrolls of remove curse
 f - 2 scrolls of blinking
 g - 21 scrolls of identify
 h - 11 scrolls of fog
 l - a scroll of acquirement
 m - 26 scrolls of teleportation
 n - 16 scrolls of fear
 w - 5 scrolls of magic mapping
 D - 6 scrolls of amnesia
 G - 14 scrolls of immolation
Potions
 x - 4 potions of haste
 z - 19 potions of curing
 A - 9 potions of brilliance
 C - 9 potions of flight
 F - 3 potions of mutation
 J - 10 potions of heal wounds
Books
 V - a manual of Shields
Comestibles
 c - 81 rations


   Skills:
 + Level 8.1 Fighting
 + Level 2.9 Short Blades
   Level 1.0(1.7) Maces & Flails
 + Level 3.0(3.1) Staves
 + Level 0.8 Throwing
 + Level 5.0 Armour
 + Level 8.6 Dodging
 - Level 6.4 Stealth
 - Level 10.0 Shields
 O Level 27 Spellcasting
 + Level 26.9 Conjurations
   Level 6.1 Hexes
 - Level 2.5 Charms
 + Level 4.4 Summonings
 * Level 16.1 Translocations
 O Level 27 Fire Magic
 * Level 12.3 Ice Magic
 + Level 4.3 Air Magic
   Level 1.7 Poison Magic
 - Level 5.1 Invocations
 + Level 0.8 Evocations


You had 5 spell levels left.
You knew the following spells:

 Your Spells              Type           Power        Failure   Level  Hunger
a - Flame Tongue          Conj/Fire      #####        0%          1    None
b - Fire Storm            Conj/Fire      #########.   1%          9    None
c - Controlled Blink      Tloc           N/A          1%          8    None
d - Glaciate              Conj/Ice       #########.   7%          9    None
e - Ignition              Fire           ########..   1%          8    None
f - Disjunction           Tloc           ########..   1%          8    None
g - Deflect Missiles      Chrm/Air       #######...   8%          6    None
h - Force Lance           Conj/Tloc      ########     0%          4    None
i - Bolt of Fire          Conj/Fire      #########.   0%          6    None
k - Spellforged Servitor  Conj/Summ      #########.   1%          7    None
l - Orb of Destruction    Conj           #########.   0%          7    None
m - Blink                 Tloc           N/A          0%          2    None

Your spell library contained the following spells:

 Spells                   Type           Power        Failure   Level  Hunger
 Apportation              Tloc           ######       0%          1    None
 Freeze                   Ice            ####         0%          1    None
 Magic Dart               Conj           ####         0%          1    None
 Shock                    Conj/Air       ####         0%          1    None
 Sting                    Conj/Pois      ####         0%          1    None
 Searing Ray              Conj           ######       0%          2    None
 Throw Flame              Conj/Fire      ######       0%          2    None
 Throw Frost              Conj/Ice       ######       0%          2    None
 Conjure Flame            Conj/Fire      ########     0%          3    None
 Dazzling Spray           Conj/Hex       ######       0%          3    None
 Gell's Gravitas          Tloc           ########..   0%          3    None
 Inner Flame              Hex/Fire       ########     0%          3    None
 Lesser Beckoning         Tloc           ########..   0%          3    None
 Static Discharge         Conj/Air       ########     0%          3    None
 Stone Arrow              Conj/Erth      ######       0%          3    None
 Teleport Other           Tloc           ########     0%          3    None
 Fulminant Prism          Conj/Hex       #########.   0%          4    None
 Iskenderun's Mystic Bla  Conj           ########     0%          4    None
 Passage of Golubria      Tloc           N/A          0%          4    None
 Sticky Flame             Conj/Fire      ########     0%          4    None
 Throw Icicle             Conj/Ice       ########     0%          4    None
 Bolt of Magma            Conj/Fire/Erth #########.   0%          5    None
 Fireball                 Conj/Fire      #########.   0%          5    None
 Animate Skeleton         Necr           N/A          1%          1    None
 Beastly Appendage        Tmut           ######       1%          1    None
 Confusing Touch          Hex            ######       1%          1    None
 Corona                   Hex            #######      1%          1    None
 Infusion                 Chrm           ####         1%          1    None
 Pain                     Necr           ####         1%          1    None
 Sandblast                Erth           ######       1%          1    None
 Summon Butterflies       Summ           #######.     1%          1    None
 Summon Small Mammal      Summ           ####         1%          1    None
 Call Imp                 Summ           #######.     1%          2    None
 Corpse Rot               Necr           N/A          1%          2    None
 Ensorcelled Hibernation  Hex/Ice        ######       1%          2    None
 Passwall                 Tmut/Erth      ######..     1%          2    None
 Poisonous Vapours        Pois/Air       ######       1%          2    None
 Shroud of Golubria       Chrm/Tloc      ######       1%          2    None
 Slow                     Hex            #######.     1%          2    None
 Song of Slaying          Chrm           #######.     1%          2    None
 Sticks to Snakes         Tmut           ######..     1%          2    None
 Sublimation of Blood     Necr           ######....   1%          2    None
 Swiftness                Chrm/Air       #######.     1%          2    None
 Call Canine Familiar     Summ           #######.     1%          3    None
 Confuse                  Hex            #######.     1%          3    None
 Ignite Poison            Fire/Tmut/Pois ########     1%          3    None
 Mephitic Cloud           Conj/Pois/Air  ########     1%          3    None
 Ozocubu's Armour         Chrm/Ice       ########     1%          3    None
 Portal Projectile        Hex/Tloc       ######       1%          3    None
 Recall                   Summ/Tloc      N/A          1%          3    None
 Regeneration             Chrm/Necr      #######...   1%          3    None
 Spectral Weapon          Hex/Chrm       #######.     1%          3    None
 Spider Form              Tmut/Pois      #######...   1%          3    None
 Summon Guardian Golem    Hex/Summ       #######.     1%          3    None
 Tukima's Dance           Hex            #######.     1%          3    None
 Vampiric Draining        Necr           ######....   1%          3    None
 Airstrike                Air            #######...   1%          4    None
 Cause Fear               Hex            #######...   1%          4    None
 Ice Form                 Ice/Tmut       #######.     1%          4    None
 Leda's Liquefaction      Hex/Erth       #######...   1%          4    None
 Olgreb's Toxic Radiance  Pois           #######.     1%          4    None
 Summon Ice Beast         Ice/Summ       ########     1%          4    None
 Summon Lightning Spire   Summ/Air       #######.     1%          4    None
 Aura of Abjuration       Summ           #######...   1%          5    None
 Bolt of Draining         Conj/Necr      ########..   1%          5    None
 Irradiate                Conj/Tmut      ########..   1%          5    None
 Iskenderun's Battlesphe  Conj/Chrm      ########     1%          5    None
 Lightning Bolt           Conj/Air       #########.   1%          5    None
 Metabolic Englaciation   Hex/Ice        ########..   1%          5    None
 Silence                  Hex/Air        #######...   1%          5    None
 Summon Demon             Summ           #######...   1%          5    None
 Summon Forest            Summ/Tloc      ########..   1%          5    None
 Summon Mana Viper        Hex/Summ       #######.     1%          5    None
 Venom Bolt               Conj/Pois      ########..   1%          5    None
 Yara's Violent Unravell  Hex/Tmut       #######...   1%          5    None
 Animate Dead             Necr           N/A          2%          4    None
 Petrify                  Tmut/Erth      ######..     2%          4    None
 Excruciating Wounds      Chrm/Necr      #######...   3%          5    None
 Alistair's Intoxication  Tmut/Pois      #######.     4%          5    None
 Agony                    Necr           ######..     6%          5    None
 Blade Hands              Tmut           ######....   6%          5    None
 Borgnjor's Vile Clutch   Necr/Erth      ######....   6%          5    None
 Dispel Undead            Necr           ######..     6%          5    None
 Lee's Rapid Deconstruct  Erth           ######....   6%          5    None
 Bolt of Cold             Conj/Ice       #########.   1%          6    None
 Conjure Ball Lightning   Conj/Air       #########.   1%          6    None
 Dispersal                Tloc           ########..   1%          6    None
 Freezing Cloud           Conj/Ice/Air   ########..   1%          6    None
 Iron Shot                Conj/Erth      ########..   1%          6    None
 Ozocubu's Refrigeration  Ice            ########..   1%          6    None
 Poison Arrow             Conj/Pois      ########..   1%          6    None
 Ring of Flames           Chrm/Fire      ########..   1%          7    None
 Darkness                 Hex            #######...   2%          6    None
 Invisibility             Hex            #######.     2%          6    None
 Simulacrum               Ice/Necr       #######...   2%          6    None
 Malign Gateway           Summ/Tloc      ########..   2%          7    None
 Chain Lightning          Conj/Air       #########.   2%          8    None
 Shadow Creatures         Summ           N/A          5%          6    None
 Lehudib's Crystal Spear  Conj/Erth      ########..   6%          8    None
 Monstrous Menagerie      Summ           #######...   26%         7    None
 Summon Greater Demon     Summ           #######...   26%         7    None
 Summon Hydra             Summ           #######...   26%         7    None
 Death Channel            Necr           ######....   28%         6    None
 Hydra Form               Tmut           ######....   28%         6    None
 Statue Form              Tmut/Erth      ######...    28%         6    None
 Haunt                    Necr/Summ      #######...   50%         7    None
 Discord                  Hex            #######...   65%         8    None
 Dragon Form              Tmut           ######....   77%         7    None
 Summon Horrible Things   Summ           #######...   85%         8    None
 Death's Door             Chrm/Necr      #######...   99%         8    None
 Borgnjor's Revivificati  Necr           ######....   100%        8    None
 Infestation              Necr           ######....   100%        8    None
 Necromutation            Tmut/Necr      ######....   100%        8    None
 Dragon's Call            Summ           #######...   100%        9    None
 Shatter                  Erth           ######....   100%        9    None
 Tornado                  Air            #######...   100%        9    None


Dungeon Overview and Level Annotations

Branches:
Dungeon (15/15)            Temple (1/1) D:5            Lair (6/6) D:11
 Shoals (4/4) Lair:2        Snake (4/4) Lair:4        Slime (5/5) Lair:6
    Orc (2/2) D:11            Elf (3/3) Orc:2        Vaults (5/5) D:14
  Crypt (3/3) Vaults:3       Tomb (3/3) Crypt:3      Depths (5/5) D:15
    Zot (0/5) Depths:5

Altars:
Ashenzari
Cheibriados
Dithmenos
Elyvilon
Fedhas
Gozag
Hepliaklqana
Kikubaaqudgha
Makhleb
Nemelex Xobeh
Okawaru
Qazlal
Ru
Sif Muna
Trog
Uskayaw
Vehumet
Wu Jian
Xom
Yredelemnul
Zin
The Shining One
Jiyva

Shops:
D:13 =   Orc:1 **   Orc:2 %**[   Elf:1 *   Elf:2 [   Shoals:4 *   Snake:1 ?((=
Snake:2 :   Snake:3 =}=   Snake:4 (   Vaults:5 ??!%?!?   Depths:2 [

Portals:
Hell: Depths:1 Depths:2 Depths:3 Depths:4 Depths:5
Abyss: Depths:3 Depths:4
Pandemonium: Depths:1 Depths:3 Depths:5
Ziggurat: Depths:1


Innate Abilities, Weirdness & Mutations

You have a pair of small horns on your head.
You have sharp toenails.
Your mind is acute. (Int +2)
You are clumsy. (Dex -2)
Your body often deteriorates upon taking damage.
You occasionally shout uncontrollably at your foes.
Your muscles are very strong. (Str +4)
You are occasionally teleported next to monsters.
You evolve.
Your spells are a little easier to cast, but a little less powerful.


Message History

The guardian mummy hits you!
A guardian mummy comes into view.
The death scarab bites you!!
* * * LOW HITPOINT WARNING * * *
Your body deteriorates!
You feel clumsy. The mana viper bites you!
* * * LOW HITPOINT WARNING * * *
You feel your power leaking away.
The greater mummy points at you and mumbles some strange words.
Something smites you!
* * * LOW HITPOINT WARNING * * *
The bennu pecks you!
* * * LOW HITPOINT WARNING * * *
The bennu claws you but does no damage. The bennu claws you!
* * * LOW HITPOINT WARNING * * *
The ushabti shakes and rattles deafeningly!
The guardian mummy hits you!
* * * LOW HITPOINT WARNING * * *
The death scarab bites you!!
You die...

###....## ##$$.....##
#$$4......##
##$$.......<## ..8°v[..8
#$$..8.48....##88....8☼
#)$$!$......3.##...3○.#
#$$($!§.......##..M○..#
#$$$$°§$....SSM#8b...)#
#$$$$$$2$.M..b@#......#○.
##$$$$$%$$...s.833z8MM§§.
##$$$[$$$.....#4z8M^.#
##$$$$$$$....#3VM...#
##$$$$$$$..##§MM...#
##$$$$)...##§.....#
##$([!$}###§§....#
##$($$## #...(..# #####
########


You could see 2 greater mummies, a cacodemon, a bennu, 2 mummy priests, 2 mana
vipers, a hellwing, 3 guardian mummies, 4 ushabtiu, a smoke demon, a neqoxec, 2
ynoxinuls, a chaos spawn, a vampire, a death scarab, 2 flying skulls and a
mummy.

Vanquished Creatures
  the Royal Jelly (Slime:5)
  4 ancient liches
  Mara (Shoals:4)
  10 greater mummies
  Sojobo (Depths:2)
  Frederick (Depths:4)
  Saint Roka (Depths:2)
  Bai Suzhen (Depths:1)
  Vashnia (Snake:4)
  7 caustic shrikes
  Nikola (Vaults:3)
  5 golden dragons
  A profane servitor (Crypt:3)
  Jory (Vaults:3)
  A bone dragon (Crypt:3)
  9 liches
  Rupert (Lair:3)
  6 tentacled monstrosities
  2 deep elf blademasters
  6 titans
  2 deep elf master archers (Elf:3)
  Polyphemus (Shoals:3)
  9 sphinxes
  2 quicksilver dragons
  19 acid blobs
  Gastronok (Lair:1)
  A kraken (Shoals:2)
  Agnes (Vaults:3)
  6 shadow dragons
  4 ancient champions
  8 tengu reavers
  Roxanne (Snake:4)
  5 storm dragons
  Ilsuiw (Shoals:4)
  4 revenants
  10 nagarajas (Snake:4)
  17 fire giants
  Donald (Shoals:4)
  17 azure jellies
  A draconian scorcher (Depths:5)
  4 deep elf sorcerers
  Aizul (Crypt:1)
  11 frost giants
  An iron dragon (Vaults:5)
  12 vault wardens
  A balrug (Depths:4)
  Louise (Shoals:3)
  2 ghouls
  13 ironheart preservers
  6 deep elf elementalists
  2 curse skulls
  2 draconian annihilators (Depths:4)
  5 war gargoyles
  19 stone giants
  4 spriggan defenders
  6 very ugly things
  5 bennus
  5 deep elf demonologists
  2 yellow draconians (Depths:5)
  A black draconian (Depths:5)
  2 red draconians (Depths:5)
  15 vampire knights
  A spark wasp (shapeshifter) (Vaults:4)
  5 dire elephants (Lair:6)
  9 deep elf annihilators
  2 spark wasps (Depths:2)
  The ghost of Raghazun the Unseen, a journeyman NaEn of Dithmenos (Lair:4)
  2 eidola
  4 merfolk javelineers (Shoals:4)
  7 fire dragons
  8 statues (Depths:4)
  6 deep elf death magi
  6 ettins
  A green death (Depths:3)
  Josephine (Orc:2)
  19 jiangshi
  17 yaktaur captains
  16 mummy priests
  7 merfolk impalers
  10 death oozes
  4 deep elf high priests
  A monstrous demonspawn (Depths:1)
  40 vault guards
  4 rakshasas
  9 great orbs of eyes
  9 spriggan air magi
  6 ice dragons
  8 hydras
  3 catoblepae
  40 two-headed ogres
  7 anacondas
  4 alligator snapping turtles
  A hell beast (Depths:2)
  6 naga warriors
  7 merfolk avatars
  5 death knights
  8 centaur warriors
  The ghost of Gumption the Cleaver, a novice MiBe of Trog (D:8)
  24 dancing weapons
  7 death yaks
  4 deep troll earth magi
  10 ogre magi
  10 vampire magi
  13 death scarabs
  A merfolk aquamancer (Shoals:1)
  A two-headed ogre (shapeshifter) (Vaults:2)
  11 deep troll shamans
  2 satyrs (Shoals:3)
  The ghost of jeroenos the Cleaver, a novice DsFi of Okawaru (D:9)
  8 tengu warriors
  Urug (Orc:1)
  6 shock serpents
  A storm dragon zombie (Crypt:3)
  6 naga sharpshooters
  5 orc high priests
  3 soul eaters
  3 spriggan berserkers
  6 spriggans
  4 iron trolls
  23 deep elf knights
  6 shadow wraiths
  A fire crab (shapeshifter) (Vaults:3)
  A golden dragon zombie (D:15)
  47 skeletal warriors
  A sea snake (shapeshifter) (Vaults:3)
  An obsidian statue (Shoals:1)
  4 hell knights (Depths:5)
  A death drake (shapeshifter) (Vaults:5)
  A quicksilver dragon simulacrum (Crypt:3)
  7 unseen horrors
  A glowing orange brain (shapeshifter) (Depths:5)
  4 flayed ghosts
  An orange crystal statue (Depths:3)
  4 glowing orange brains
  A torturous demonspawn (Depths:3)
  22 deep trolls
  25 sea snakes
  9 naga ritualists
  6 phantasmal warriors
  A salamander mystic (Snake:3)
  A spriggan druid (Depths:4)
  5 wizards
  19 orc knights
  2 shadow dragon zombies (Crypt:1)
  6 necromancers
  16 deep elf archers
  18 ironbrand convokers
  75 deep elf magi
  An orb spider (shapeshifter) (Elf:3)
  4 wolf spiders
  A wolf spider zombie (D:14)
  21 mana vipers
  25 ugly things
  An oklob plant (Lair:5)
  14 fauns
  A faun (shapeshifter) (Vaults:5)
  10 orc sorcerers
  2 frost giant zombies (Crypt:1)
  11 harpies
  10 cyclopes
  10 salamanders
  13 manticores
  A fire giant zombie (Tomb:2)
  7 guardian serpents
  10 merfolk sirens
  11 shining eyes
  4 elephants (Lair:6)
  14 naga magi
  17 vault sentinels
  42 black mambas
  A shock serpent zombie (Crypt:2)
  A dire elephant zombie (Crypt:2)
  A shock serpent skeleton (Tomb:2)
  A rust devil (Depths:3)
  An emperor scorpion zombie (Crypt:1)
  A guardian serpent (shapeshifter) (D:8)
  A storm dragon simulacrum (Vaults:1)
  5 spiny frogs
  An orange demon (Depths:3)
  2 gargoyles
  3 water nymphs
  2 eyes of devastation
  3 frost giant skeletons
  3 kobold demonologists
  3 komodo dragons
  7 freezing wraiths
  A yaktaur (shapeshifter) (Depths:5)
  44 yaktaurs
  A spriggan skeleton (Depths:4)
  A golden dragon simulacrum (Tomb:2)
  37 guardian mummies
  A spark wasp simulacrum (Depths:4)
  A yaktaur zombie (D:15)
  An ice devil (Depths:2)
  An elf skeleton (Depths:4)
  A tormentor (Depths:1)
  A purple draconian skeleton (Crypt:1)
  5 polar bears
  A merfolk (shapeshifter) (Vaults:2)
  6 red devils
  7 tengu conjurers
  4 hellwings (Depths:4)
  5 trolls
  2 catoblepas skeletons (Crypt:1)
  A polar bear (shapeshifter) (Vaults:3)
  A harpy zombie (Crypt:2)
  6 wind drakes
  3 meliai (Lair:4)
  A queen bee (Lair:4)
  A hornet (shapeshifter) (D:15)
  29 merfolk
  9 hornets
  2 ettin zombies
  A raiju (shapeshifter) (Vaults:4)
  A slime creature (shapeshifter) (Vaults:4)
  8 blink frogs
  An iron dragon simulacrum (Tomb:2)
  96 slime creatures
  6 snapping turtles
  A deep troll zombie (D:15)
  15 hippogriffs
  A blink frog (shapeshifter) (Vaults:5)
  2 fire dragon skeletons
  68 flying skulls
  3 air elementals
  2 spriggans (shapeshifter)
  A fire giant simulacrum (Crypt:3)
  An ettin skeleton (Crypt:1)
  23 ushabtiu
  4 wyverns
  5 shadows
  9 wraiths
  30 yaks
  2 yaks (shapeshifter)
  4 vampires (WizLab)
  An ice dragon skeleton (Tomb:1)
  15 water elementals
  A hungry ghost (D:10)
  2 tarantellas (shapeshifter)
  3 fire elementals
  A golden eye (shapeshifter) (Vaults:2)
  A black mamba skeleton (Tomb:1)
  2 basilisks
  A golden eye (Slime:5)
  2 chaos spawn (Depths:1)
  A human simulacrum (Vaults:3)
  Menkaure (D:7)
  3 vampire mosquitoes (D:15)
  9 wargs
  39 nagas
  2 acid dragons
  A soldier ant (D:8)
  7 water moccasins
  2 two-headed ogre zombies (WizLab)
  A soldier ant (shapeshifter) (Vaults:3)
  5 porcupines
  4 hell hounds (Depths:4)
  2 floating eyes (Depths:5)
  A spectral hornet (D:8)
  A two-headed ogre skeleton (Crypt:2)
  A swamp drake (D:11)
  47 orc warriors
  2 ice beasts
  A swamp dragon zombie (Tomb:1)
  4 phantoms
  5 sky beasts
  An ettin simulacrum (Crypt:3)
  12 eyes of draining
  7 necrophages
  A snapping turtle zombie (Tomb:1)
  3 black bears
  47 wolves
  34 ogres
  11 boggarts
  A hornet zombie (D:8)
  A boggart (shapeshifter) (Vaults:5)
  12 centaurs
  Blork the orc (D:5)
  25 crocodiles
  5 big kobolds
  A rime drake skeleton (Crypt:1)
  18 bullfrogs
  A wyvern zombie (D:13)
  An earth elemental (Elf:2)
  A polar bear zombie (Crypt:2)
  A water moccasin skeleton (D:4)
  3 scorpions
  33 killer bees
  4 troll zombies (WizLab)
  A tengu skeleton (D:15)
  12 wights
  4 howler monkeys
  4 electric eels
  10 crimson imps
  3 centaur zombies
  3 quasits
  3 jellies
  6 bullfrog zombies
  13 hounds
  A gnoll shaman (D:6)
  Crazy Yiuf (D:2)
  6 bullfrog skeletons
  3 centaur skeletons
  34 orc wizards
  38 orc priests
  Jessica (D:2)
  Terence (D:2)
  9 iguanas
  6 worker ants
  7 ogre zombies
  A sky beast zombie (Crypt:2)
  2 ogre skeletons
  A hound skeleton (D:11)
  39 mummies
  5 worker ant zombies
  Robin (D:4)
  16 gnolls
  19 adders
  7 shadow imps
  A white imp (Depths:3)
  An ufetubus (Depths:3)
  An adder zombie (D:5)
  9 oozes (Sewer)
  2 adder skeletons (D:7)
  4 worms
  An adder simulacrum (D:8)
  5 dart slugs
  29 leopard geckos
  103 orcs
  6 bats
  26 giant cockroaches
  17 goblins
  12 hobgoblins
  13 jackals
  A quokka (D:4)
  8 ball pythons
  31 frilled lizards
  A gnoll skeleton (Ossuary)
  4 goblin skeletons
  18 kobolds
  3 kobold skeletons (Ossuary)
  2 leopard gecko zombies
  An orc skeleton (Ossuary)
  A quokka zombie (D:5)
  12 rats
  11 rat skeletons (Ossuary)
  A rat zombie (Crypt:2)
  3 blocks of ice
  A bush (Lair:6)
  18 fire vortices
  2 fungi
  7 plants
  2 tentacles (Shoals:2)
2742 creatures vanquished.

Vanquished Creatures (collateral kills)
  A caustic shrike (Depths:5)
  A lich (Depths:3)
  A deep elf blademaster (Elf:3)
  A titan (Vaults:5)
  2 acid blobs (Slime:5)
  2 sphinxes
  2 ancient champions
  A storm dragon (Depths:5)
  An azure jelly (Slime:5)
  A shadow dragon (Depths:2)
  A nagaraja (Snake:4)
  A fire giant (Depths:3)
  The ghost of pedritolo the Black Sun, an adept HuNe of Kikubaaqudgha (Snake:1)
  2 iron dragons
  An orc warlord (Vaults:2)
  2 deep elf sorcerers (Elf:3)
  A vault warden (Vaults:3)
  A war gargoyle (Vaults:2)
  4 very ugly things
  3 ironheart preservers
  A green draconian (Depths:5)
  2 stone giants
  A deep elf demonologist (Elf:3)
  A deep elf annihilator (Elf:3)
  A spark wasp (Depths:2)
  A red draconian (Depths:5)
  2 deep elf death magi
  3 merfolk impalers (Shoals:4)
  A fire dragon (Depths:3)
  An ettin (Depths:1)
  A great orb of eyes (Depths:3)
  A deep elf high priest (Elf:3)
  2 ice dragons
  2 naga warriors
  An anaconda (Snake:1)
  A merfolk aquamancer (Shoals:4)
  An ogre mage (Vaults:4)
  3 deep troll shamans
  A deep troll earth mage (Depths:3)
  A dancing weapon (Elf:2)
  2 naga sharpshooters (Snake:4)
  A hell knight (Depths:5)
  A soul eater (Depths:2)
  An iron troll (Depths:2)
  2 salamander mystics
  4 skeletal warriors
  A sea snake (Shoals:4)
  An anaconda zombie (Crypt:2)
  A naga ritualist (Snake:3)
  5 deep trolls
  An ironbrand convoker (Vaults:3)
  A mana viper (Snake:1)
  5 deep elf magi
  3 salamanders (Snake:4)
  A shining eye (Slime:5)
  2 ugly things (Depths:3)
  A frost giant zombie (Depths:4)
  3 black mambas
  A white draconian zombie (Crypt:1)
  2 yaktaurs
  2 guardian mummies
  7 slime creatures
  2 flying skulls
  A fire elemental (Elf:3)
  An ice dragon skeleton (Tomb:1)
  2 two-headed ogre zombies (WizLab)
  3 nagas (Snake:4)
  A floating eye (Depths:3)
  2 orc warriors (Depths:2)
  An eye of draining (Slime:5)
  2 boggarts (Depths:3)
  An earth elemental (Elf:2)
  An elf skeleton (Crypt:2)
  5 troll zombies (WizLab)
  2 wights
  An ogre zombie (WizLab)
  12 mummies
  An adder skeleton (Crypt:1)
144 creatures vanquished.

Vanquished Creatures (others)
  A very ugly thing (Depths:4)
  3 deep elf annihilators (Depths:4)
  A yaktaur captain (Vaults:5)
  A deep elf high priest (Elf:3)
  A centaur warrior (D:13)
  2 wizards (Depths:4)
  A deep elf mage (Elf:1)
  A guardian mummy (Tomb:3)
  A troll (D:13)
  A flying skull (Tomb:3)
  A yak (D:13)
  An orc warrior (Vaults:3)
  A necrophage (D:13)
  2 howler monkeys
  A mummy (Tomb:3)
  2 orcs (D:13)
  2 blocks of ice
  376 fire vortices
  5 fungi
  34 plants
  4 tentacles (Shoals:2)
  10 withered plants (D:15)
452 creatures vanquished.

Grand Total: 3338 creatures vanquished

Notes
Turn   | Place    | Note
-------+----------+-------------------------------------------
     0 | D:1      | Conn the Deep Elf Fire Elementalist began the quest for the
                  | Orb.
     0 | D:1      | Reached XP level 1. HP: 10/10 MP: 6/6
   115 | D:1      | Reached XP level 2. HP: 14/15 MP: 0/8
   468 | D:1      | Reached XP level 3. HP: 19/19 MP: 3/9
  1251 | D:2      | Learned a level 3 spell: Conjure Flame
  1255 | D:2      | Learned a level 3 spell: Inner Flame
  1309 | D:2      | Reached XP level 4. HP: 19/24 MP: 0/11
  1656 | D:2      | Found a runed translucent door.
  1657 | D:2      | Noticed Crazy Yiuf
  1665 | D:2      | Killed Crazy Yiuf
  1947 | D:2      | Noticed Terence
  1959 | D:2      | Killed Terence
  1959 | D:2      | Reached XP level 5. HP: 28/28 MP: 6/13
  1980 | D:2      | Noticed Jessica
  1985 | D:2      | Killed Jessica
  2214 | D:2      | Found a sparkling altar of Nemelex Xobeh.
  2411 | D:3      | Reached skill level 5 in Fire Magic
  2468 | D:3      | Reached XP level 6. HP: 28/33 MP: 7/15
  2786 | D:3      | Reached skill level 5 in Spellcasting
  2845 | D:3      | Found a shadowy altar of Dithmenos.
  3208 | D:4      | Learned a level 4 spell: Sticky Flame
  3212 | D:4      | Learned a level 3 spell: Confuse
  3317 | D:4      | Found a sand-covered staircase.
  3322 | Ossuary  | Entered an ossuary
  4356 | D:4      | Noticed Robin
  4358 | D:4      | Reached skill level 1 in Hexes
  4358 | D:4      | Reached XP level 7. HP: 36/37 MP: 6/18
  4385 | D:4      | Killed Robin
  4790 | D:5      | Entered Level 5 of the Dungeon
  4802 | D:5      | Found an iron altar of Okawaru.
  4806 | D:5      | Found an ancient bone altar of Kikubaaqudgha.
  4809 | D:5      | Found a basalt altar of Yredelemnul.
  4810 | D:5      | Found a burning altar of Makhleb.
  4811 | D:5      | Found a stormy altar of Qazlal.
  4828 | D:5      | Learned a level 5 spell: Fireball
  4908 | D:5      | Found a glowing golden altar of the Shining One.
  4920 | D:5      | Reached skill level 1 in Short Blades
  5116 | D:5      | Noticed Blork the orc
  5129 | D:5      | Killed Blork the orc
  5131 | D:5      | Found a staircase to the Ecumenical Temple.
  5145 | Temple   | Entered the Ecumenical Temple
  5190 | Temple   | Became a worshipper of Sif Muna the Loreminder
  5293 | D:5      | Found a glowing drain.
  5297 | Sewer    | Entered a sewer
  5442 | Sewer    | Reached skill level 1 in Staves
  5833 | Sewer    | Reached * piety under Sif Muna
  5833 | Sewer    | Reached XP level 8. HP: 24/42 MP: 15/21
  6824 | D:6      | Reached skill level 1 in Fighting
  7122 | D:6      | Reached skill level 5 in Conjurations
  7153 | D:6      | Reached ** piety under Sif Muna
  7499 | D:6      | Reached XP level 9. HP: 47/47 MP: 21/24
  7603 | D:7      | Reached skill level 10 in Spellcasting
  7840 | D:7      | Reached skill level 5 in Hexes
  7976 | D:7      | Noticed Menkaure
  7984 | D:7      | Killed Menkaure
  7993 | D:7      | Reached *** piety under Sif Muna
  8782 | D:8      | Found an ancient bone altar of Kikubaaqudgha.
  9126 | D:8      | Got a shimmering great mace
  9127 | D:8      | Identified the +3 great mace of the Whelk {freeze, rPois
                  | rN+} (You found it on level 8 of the Dungeon)
  9148 | D:8      | Noticed a six-headed hydra
  9183 | D:8      | Killed a six-headed hydra
  9183 | D:8      | Reached XP level 10. HP: 26/52 MP: 1/27
  9503 | D:8      | Found a runed translucent gate.
  9503 | D:8      | Found a runed translucent gate.
  9503 | D:8      | Found a runed translucent gate.
  9691 | D:8      | Reached **** piety under Sif Muna
  9955 | D:8      | Noticed a guardian serpent
  9958 | D:8      | Killed a guardian serpent
  9968 | D:8      | Identified the Papyrus of Fetching Dislocation
 10348 | D:8      | Noticed a six-headed hydra
 10359 | D:8      | Killed a six-headed hydra
 10375 | D:8      | Noticed a two-headed ogre
 10413 | D:8      | Killed a two-headed ogre
 10524 | D:8      | Identified the Reference Book on Damaging Slavery
 10564 | D:8      | Noticed a two-headed ogre
 10623 | D:8      | Killed a two-headed ogre
 10623 | D:8      | Reached ***** piety under Sif Muna
 10623 | D:8      | Identified Sif Muna's Catalogue of Enhancements and Hexes
                  | (Sif Muna gifted it to you on level 8 of the Dungeon)
 10623 | D:8      | Received a gift from Sif Muna
 10623 | D:8      | Reached XP level 11. HP: 25/57 MP: 4/30
 10796 | D:8      | Learned a level 3 spell: Mephitic Cloud
 10801 | D:8      | Learned a level 4 spell: Force Lance
 10805 | D:8      | Learned a level 3 spell: Summon Guardian Golem
 10828 | D:8      | Learned a level 6 spell: Invisibility
 11053 | D:8      | Found a hide-covered altar of Uskayaw.
 11289 | D:8      | Noticed Gumption's ghost (novice MiBe)
 11329 | D:8      | Killed Gumption's ghost
 11329 | D:8      | Reached skill level 1 in Invocations
 12783 | D:9      | Found a runed translucent door.
 12784 | D:9      | Noticed jeroenos's ghost (novice DsFi)
 12793 | D:9      | Reached skill level 10 in Fire Magic
 12796 | D:9      | Killed jeroenos's ghost
 13019 | D:10     | Entered Level 10 of the Dungeon
 13021 | D:10     | Noticed a two-headed ogre
 13037 | D:10     | Killed a two-headed ogre
 13037 | D:10     | Reached skill level 5 in Stealth
 13311 | D:10     | Noticed a white ugly thing
 13320 | D:10     | Killed a white ugly thing
 13470 | D:10     | Reached skill level 1 in Maces & Flails
 14170 | D:11     | You fall into a shaft and drop 2 floors!
 14170 | D:13     | Found Qoqaut's Jewellery Shop.
 14259 | D:13     | Found a stormy altar of Qazlal.
 14324 | D:13     | Killed a centaur warrior
 14371 | D:13     | Noticed a purple ugly thing
 14385 | D:13     | Killed a purple ugly thing
 14554 | D:13     | Found a shimmering altar of Xom.
 14568 | D:13     | Noticed a skeletal warrior
 14569 | D:13     | Noticed a green ugly thing
 14569 | D:13     | Noticed a skeletal warrior
 14570 | D:13     | Noticed a skeletal warrior
 14570 | D:13     | Noticed a skeletal warrior
 14602 | D:13     | Killed a skeletal warrior
 14602 | D:13     | Reached skill level 10 in Conjurations
 14602 | D:13     | Killed a skeletal warrior
 14602 | D:13     | Reached XP level 12. HP: 32/64 MP: 0/32
 14626 | D:13     | Reached skill level 15 in Spellcasting
 15204 | D:13     | Learned a level 4 spell: Airstrike
 15334 | D:13     | Identified Inaluise's Handbook of Hexes and Attacks (Sif
                  | Muna gifted it to you on level 13 of the Dungeon)
 15334 | D:13     | Received a gift from Sif Muna
 15460 | D:12     | Found a portal to a secret trove of treasure.
 15593 | D:12     | Reached skill level 5 in Dodging
 15978 | D:12     | Noticed a five-headed hydra
 16000 | D:12     | Killed a five-headed hydra
 16712 | D:14     | Noticed a centaur warrior
 16717 | D:14     | Killed a centaur warrior
 16779 | D:15     | Entered Level 15 of the Dungeon
 16909 | D:15     | Learned a level 6 spell: Bolt of Fire
 17051 | D:14     | Identified the +5 scale mail of Rationality {rF+ Str-3
                  | Slay+3}
 17051 | D:14     | Noticed a tengu warrior
 17058 | D:14     | Killed a tengu warrior
 17078 | D:14     | Noticed a catoblepas
 17081 | D:14     | Killed a catoblepas
 17233 | D:14     | Reached XP level 13. HP: 68/68 MP: 10/35
 17240 | D:14     | Reached skill level 1 in Poison Magic
 17535 | D:14     | Found a gate to the Vaults.
 17862 | D:14     | Reached skill level 1 in Translocations
 17946 | D:13     | Bought the ring of Astasol {Wiz rElec Str-4 Int+6 Dex+4}
                  | for 792 gold pieces
 18228 | D:14     | Identified Orghag's Guide on Excruciating Ignition (Sif
                  | Muna gifted it to you on level 14 of the Dungeon)
 18228 | D:14     | Received a gift from Sif Muna
 18239 | D:14     | Learned a level 5 spell: Iskenderun's Battlesphere
 18730 | D:14     | Reached skill level 1 in Air Magic
 19781 | D:15     | Found a staircase to the Depths.
 20083 | D:15     | Reached XP level 14. HP: 74/74 MP: 24/38
 20368 | D:15     | Received a gift from Sif Muna
 21438 | D:11     | Found a staircase to the Lair.
 21783 | D:11     | Found a staircase to the Orcish Mines.
 22104 | Orc:1    | Entered Level 1 of the Orcish Mines
 22298 | D:11     | Learned a level 7 spell: Orb of Destruction
 22713 | Orc:1    | Found Beung's General Store.
 22790 | Orc:1    | Found Miguixem's Assorted Antiques.
 22799 | Orc:1    | Bought an ancient whip for 202 gold pieces
 22801 | Orc:1    | Identified the cursed +0 whip "Ojacois" {slash, rElec MR+
                  | Stlth+} (You bought it in a shop on level 1 of the Orcish
                  | Mines)
 22914 | Orc:2    | Entered Level 2 of the Orcish Mines
 22933 | Orc:2    | Noticed Urug
 22947 | Orc:1    | Killed Urug
 23120 | Orc:2    | Noticed Josephine
 23129 | Orc:2    | Killed Josephine
 23178 | Orc:2    | Found a staircase to the Elven Halls.
 23760 | Orc:2    | Identified Ilorebb's Catalogue of the Ensnaring Entourage
                  | (Sif Muna gifted it to you on level 2 of the Orcish Mines)
 23760 | Orc:2    | Received a gift from Sif Muna
 23970 | Orc:2    | Found Izxol's General Store.
 23970 | Orc:2    | Found Aghig's Food Emporium.
 23970 | Orc:2    | Found Qiruif's Assorted Antiques.
 23977 | Orc:2    | Found Xatiotwa's Antique Armour Shoppe.
 23982 | Orc:2    | Bought a runed hat for 245 gold pieces
 23987 | Orc:2    | Bought a pair of runed gloves for 262 gold pieces
 24291 | Orc:2    | Found a shimmering altar of Xom.
 24887 | Lair:1   | Entered Level 1 of the Lair of Beasts
 25281 | Lair:1   | Noticed Gastronok
 25287 | Lair:1   | Killed Gastronok
 26558 | Lair:2   | Found a staircase to the Shoals.
 26560 | Lair:2   | Reached XP level 15. HP: 78/78 MP: 29/40
 27640 | Lair:3   | Noticed Rupert
 27646 | Lair:3   | Paralysed by Rupert for 4 turns
 27650 | Lair:3   | Killed Rupert
 28063 | Lair:3   | Identified a scroll of acquirement
 28287 | Lair:4   | Got a steaming ring mail
 28298 | Lair:4   | Identified the +4 ring mail "Quxted" {*Contam rElec rN++
                  | Dex+3} (You found it on level 4 of the Lair of Beasts)
 28606 | Lair:4   | Found a staircase to the Snake Pit.
 28623 | Lair:4   | Learned a level 2 spell: Blink
 28717 | Lair:4   | Found a runed translucent gate.
 28997 | Lair:4   | Found a runed translucent gate.
 28997 | Lair:4   | Found a runed translucent gate.
 28998 | Lair:4   | Noticed Raghazun's ghost (journeyman NaEn)
 29022 | Lair:4   | Killed Raghazun's ghost
 29041 | Lair:4   | Identified Sif Muna's Disquisition on Transmigration and
                  | the Blaze
 29044 | Lair:4   | Got a warped long sword
 29045 | Lair:4   | Identified the +6 long sword "Uzidao" {protect, rF++} (You
                  | found it on level 4 of the Lair of Beasts)
 29613 | Lair:5   | Reached skill level 1 in Armour
 29627 | Lair:5   | Identified Sif Muna's Catalogue of the Excruciating Rocks
                  | (Sif Muna gifted it to you on level 5 of the Lair of
                  | Beasts)
 29627 | Lair:5   | Received a gift from Sif Muna
 30455 | Lair:5   | Gained mutation: You are partially covered in icy blue
                  | scales. (AC +2) [potion of mutation]
 30455 | Lair:5   | Gained mutation: You expend magic power (3 MP) to
                  | strengthen your wands. [potion of mutation]
 30729 | Lair:5   | Found a white marble altar of Elyvilon.
 31246 | Lair:6   | Entered Level 6 of the Lair of Beasts
 32011 | Lair:6   | Found a viscous altar of Jiyva.
 32012 | Lair:6   | Found a staircase to the Slime Pits.
 32185 | Lair:6   | Reached skill level 1 in Charms
 32216 | Lair:6   | Reached skill level 15 in Fire Magic
 33487 | Shoals:1 | Entered Level 1 of the Shoals
 33515 | Shoals:1 | Reached XP level 16. HP: 52/86 MP: 11/42
 35106 | Shoals:2 | Reached skill level 15 in Conjurations
 35876 | Shoals:2 | Identified Sif Muna's Catalogue of Ignition and the Glacier
                  | (Sif Muna gifted it to you on level 2 of the Shoals)
 35876 | Shoals:2 | Received a gift from Sif Muna
 36098 | Shoals:2 | Got a spiked ring mail
 36099 | Shoals:2 | Identified the +5 ring mail of the Land of Plenty {rPois
                  | Str+3} (You found it on level 2 of the Shoals)
 36139 | Shoals:2 | Noticed a kraken
 36146 | Shoals:2 | Killed a kraken
 36510 | Shoals:3 | Reached skill level 5 in Fighting
 37338 | Shoals:3 | Identified the +5 large shield of Sovereignty {rCorr}
 37338 | Shoals:3 | Noticed Louise
 37356 | Shoals:3 | Killed Louise
 37634 | Shoals:3 | Noticed Polyphemus
 37644 | Shoals:3 | Killed Polyphemus
 37760 | Shoals:3 | HP: 1/87 [alligator snapping turtle (39)]
 38351 | Shoals:4 | Entered Level 4 of the Shoals
 39029 | Shoals:4 | Reached XP level 17. HP: 92/92 MP: 40/44
 39202 | Shoals:4 | Learned a level 7 spell: Spellforged Servitor
 39218 | Shoals:4 | Noticed Donald
 39226 | Shoals:4 | Killed Donald
 39301 | Shoals:4 | Got a barnacled rune of Zot
 39500 | Shoals:4 | Received a gift from Sif Muna
 39512 | Shoals:4 | Got a vibrating pewter ring
 39539 | Shoals:4 | Found Luog Zomp's General Store.
 39571 | Shoals:4 | Noticed Ilsuiw
 39588 | Shoals:4 | Reached skill level 1 in Summonings
 39598 | Shoals:4 | Killed Ilsuiw
 39968 | Shoals:4 | Noticed Mara
 39973 | Shoals:4 | Noticed Conn's illusion
 39987 | Shoals:4 | Noticed Conn's illusion
 40002 | Shoals:4 | Killed Mara
 40372 | Shoals:4 | Reached skill level 5 in Invocations
 40686 | Elf:1    | Entered Level 1 of the Elven Halls
 40813 | Orc:2    | Learned a level 8 spell: Ignition
 41120 | Elf:1    | Found Suiwoock's Assorted Antiques.
 41179 | Elf:1    | Identified the cursed ring "Junwiw Ybbue" {rN+ Int-2 Dex+3}
                  | (You found it on level 4 of the Shoals)
 41281 | D:13     | Bought the ring "Maamasu" {*Corrode rElec MP+9 Dex+5} for
                  | 544 gold pieces
 41425 | Elf:1    | Bought a potion of heal wounds for 85 gold pieces
 41425 | Elf:1    | Bought a scroll of teleportation for 51 gold pieces
 41815 | Elf:1    | Identified Sif Muna's Papyrus of Fire and Air (Sif Muna
                  | gifted it to you on level 1 of the Elven Halls)
 41815 | Elf:1    | Received a gift from Sif Muna
 42010 | Elf:1    | Identified Asmodeus's Reference Book on Confrontation and
                  | Calling
 42123 | Elf:1    | Reached skill level 5 in Armour
 42504 | Elf:2    | Found a magical portal.
 42557 | WizLab   | Entered Zonguldrok's Shrine
 43088 | WizLab   | Reached XP level 18. HP: 100/100 MP: 34/46
 43178 | WizLab   | Noticed an antique lich
 43184 | WizLab   | Killed an antique lich
 43297 | WizLab   | Found the +9 sword of Zonguldrok {reap}
 43712 | Elf:2    | Found Ohea's Armour Emporium.
 43740 | Elf:2    | Noticed an Ice Fiend
 43923 | Elf:2    | Identified Sif Muna's Incunabulum of Destructive Dark Rites
                  | (Sif Muna gifted it to you on level 2 of the Elven Halls)
 43923 | Elf:2    | Received a gift from Sif Muna
 44148 | Elf:2    | Found a large runed translucent door.
 44148 | Elf:2    | Found a large runed translucent door.
 44170 | Elf:2    | Found a large runed translucent door.
 44170 | Elf:2    | Found a large runed translucent door.
 45376 | Elf:3    | Entered Level 3 of the Elven Halls
 45601 | Elf:3    | Learned a level 6 spell: Deflect Missiles
 46452 | Elf:3    | Reached XP level 19. HP: 106/106 MP: 11/48
 46622 | Elf:3    | Identified the +6 flail "Iqesh" {flame, +Blink rC+ Str+3}
 46623 | Elf:3    | Identified Sif Muna's Arcane Secrets of Theurgy (Sif Muna
                  | gifted it to you on level 3 of the Elven Halls)
 46623 | Elf:3    | Received a gift from Sif Muna
 46837 | Elf:3    | Got a translucent helmet
 46848 | Elf:3    | Identified the cursed +0 helmet of the Nexus {rPois} (You
                  | found it on level 3 of the Elven Halls)
 46850 | Elf:3    | Got a brightly glowing buckler
 46856 | Elf:3    | Identified the +0 buckler of Lentaum {rCorr} (You found it
                  | on level 3 of the Elven Halls)
 46891 | Elf:3    | Identified a +0 pair of boots of running (You found it on
                  | level 3 of the Elven Halls)
 46925 | Elf:3    | Got a scorched battleaxe
 46926 | Elf:3    | Identified the +9 battleaxe "Roaxae Cina" {chop, rElec rC+
                  | rN++ Str+4} (You found it on level 3 of the Elven Halls)
 46986 | Elf:3    | Identified Mapotwaps's Guide on Scorching Boosts
 47548 | Snake:1  | Entered Level 1 of the Snake Pit
 47580 | Snake:1  | Found Uvappipt's Weapon Emporium.
 47585 | Snake:1  | Found Titila's Jewellery Emporium.
 47585 | Snake:1  | Found Urojuad's Magic Scroll Shoppe.
 47600 | Snake:1  | Found Inas's Weapon Shoppe.
 47622 | Snake:1  | Bought a scroll of enchant armour for 105 gold pieces
 47622 | Snake:1  | Bought a scroll of teleportation for 42 gold pieces
 47622 | Snake:1  | Bought a scroll of teleportation for 42 gold pieces
 47820 | Snake:1  | Reached skill level 1 in Shields
 48120 | Snake:1  | Noticed pedritolo's ghost (adept HuNe)
 48122 | Snake:1  | Found a large runed translucent door.
 48123 | Snake:1  | Found a large runed translucent door.
 48137 | Snake:1  | Killed pedritolo's ghost
 48774 | Snake:1  | Got a steaming brass amulet
 48775 | Snake:1  | Identified the amulet "Otzup" {Faith Dex+3} (You found it
                  | on level 1 of the Snake Pit)
 49254 | Snake:2  | Found Ycsyru's Book Shop.
 49358 | Snake:2  | Bought a book of the Warp for 1170 gold pieces
 49875 | Snake:3  | Found Fugeax's Jewellery Shop.
 49875 | Snake:3  | Found Hivvixoc's Gadget Emporium.
 49878 | Snake:3  | Found Uticy's Jewellery Shop.
 49883 | Snake:3  | Bought the ring of the Seer {rC+ MP+9 Str+4 Int+6 Dex-2}
                  | for 1015 gold pieces
 50239 | Snake:3  | Identified Sif Muna's Compendium of Darkness and Hexes (Sif
                  | Muna gifted it to you on level 3 of the Snake Pit)
 50239 | Snake:3  | Received a gift from Sif Muna
 51079 | Snake:4  | Entered Level 4 of the Snake Pit
 51099 | Snake:4  | Identified Roxanne's Incunabulum of Clay
 51099 | Snake:4  | Noticed Roxanne
 51297 | Snake:4  | Reached skill level 5 in Translocations
 51319 | Snake:4  | Identified Sif Muna's Papyrus of Creative Attacks (Sif Muna
                  | gifted it to you on level 4 of the Snake Pit)
 51319 | Snake:4  | Received a gift from Sif Muna
 52002 | Snake:4  | Found Vepefeshrearr's Weapon Shop.
 52227 | Snake:4  | Noticed Vashnia
 52239 | Snake:4  | Killed Vashnia
 52458 | Snake:4  | Reached XP level 20. HP: 73/112 MP: 5/50
 53240 | Snake:4  | Killed Roxanne
 53452 | Snake:4  | Reached skill level 5 in Shields
 53453 | Snake:4  | Identified Sif Muna's Collected Works on Attacks (Sif Muna
                  | gifted it to you on level 4 of the Snake Pit)
 53453 | Snake:4  | Received a gift from Sif Muna
 53506 | Snake:4  | Got a serpentine rune of Zot
 53644 | Snake:4  | Learned a level 9 spell: Fire Storm
 54074 | Slime:1  | Entered Level 1 of the Pits of Slime
 54526 | Slime:1  | Gained mutation: Your spells are a little easier to cast,
                  | but a little less powerful. [a shining eye]
 54871 | Slime:1  | Lost mutation: Your spells are a little easier to cast, but
                  | a little less powerful. [potion of mutation]
 54871 | Slime:1  | Gained mutation: You can translocate small distances at
                  | will. [potion of mutation]
 54871 | Slime:1  | Gained mutation: You have sharp toenails. [potion of
                  | mutation]
 54874 | Slime:2  | Identified Zemnep's Incunabulum of Lucky Transformation
                  | (Sif Muna gifted it to you on level 2 of the Pits of Slime)
 54874 | Slime:2  | Received a gift from Sif Muna
 55067 | Slime:2  | Gained mutation: Your spells are a little easier to cast,
                  | but a little less powerful. [a shining eye]
 55271 | Slime:2  | Gained mutation: Scrolls take you a little longer to read.
                  | [a shining eye]
 55275 | Slime:2  | Lost mutation: You expend magic power (3 MP) to strengthen
                  | your wands. [potion of mutation]
 55275 | Slime:2  | Lost mutation: You have sharp toenails. [potion of
                  | mutation]
 55275 | Slime:2  | Gained mutation: You are robust. (+10% HP) [potion of
                  | mutation]
 55275 | Slime:2  | Gained mutation: You are dopey. (Int -2) [potion of
                  | mutation]
 55275 | Slime:2  | Lost mutation: Your spells are a little easier to cast, but
                  | a little less powerful. [potion of mutation]
 55276 | Slime:2  | Lost mutation: You are robust. (+10% HP) [potion of
                  | mutation]
 55276 | Slime:2  | Lost mutation: Scrolls take you a little longer to read.
                  | [potion of mutation]
 55276 | Slime:2  | Gained mutation: You are weak. (Str -2) [potion of
                  | mutation]
 55276 | Slime:2  | Gained mutation: You are frail. (-10% HP) [potion of
                  | mutation]
 55276 | Slime:2  | Gained mutation: Your natural rate of healing is unusually
                  | fast. [potion of mutation]
 55276 | Slime:2  | Gained mutation: You have sharp toenails. [potion of
                  | mutation]
 55494 | Slime:2  | You fall into a shaft and drop 2 floors!
 56205 | Slime:1  | Found a viscous altar of Jiyva.
 56633 | Slime:3  | Identified Sif Muna's Incunabulum of Sinister Secrets and
                  | Calling (Sif Muna gifted it to you on level 3 of the Pits
                  | of Slime)
 56633 | Slime:3  | Received a gift from Sif Muna
 57368 | Slime:5  | Entered Level 5 of the Pits of Slime
 57409 | Slime:5  | Gained mutation: You occasionally shout uncontrollably at
                  | your foes. [a shining eye]
 57419 | Slime:5  | Gained mutation: Scrolls take you a little longer to read.
                  | [a shining eye]
 57421 | Slime:5  | Gained mutation: You sometimes yell uncontrollably at your
                  | foes. [a shining eye]
 57422 | Slime:5  | Gained mutation: Your magical capacity is low. (-10% MP) [a
                  | shining eye]
 57423 | Slime:5  | Gained mutation: You are clumsy. (Dex -2) [a shining eye]
 57425 | Slime:5  | Reached XP level 21. HP: 65/105 MP: 16/47
 57449 | Slime:5  | Noticed the Royal Jelly
 57454 | Slime:5  | Killed the Royal Jelly
 57496 | Slime:5  | Received a gift from Sif Muna
 57666 | Slime:5  | Found the +8 mithril axe "Arga" {speed, MR+}
 57689 | Slime:5  | Lost mutation: Your natural rate of healing is unusually
                  | fast. [potion of mutation]
 57689 | Slime:5  | Lost mutation: You are dopey. (Int -2) [potion of mutation]
 57689 | Slime:5  | Lost mutation: Your magical capacity is low. (-10% MP)
                  | [potion of mutation]
 57689 | Slime:5  | Lost mutation: You are weak. (Str -2) [potion of mutation]
 57689 | Slime:5  | Gained mutation: You have a pair of small horns on your
                  | head. [potion of mutation]
 57689 | Slime:5  | Gained mutation: Your muscles are strong. (Str +2) [potion
                  | of mutation]
 57713 | Slime:5  | Lost mutation: You have a pair of small horns on your head.
                  | [potion of mutation]
 57713 | Slime:5  | Lost mutation: You are clumsy. (Dex -2) [potion of
                  | mutation]
 57713 | Slime:5  | Gained mutation: Your mind is acute. (Int +2) [potion of
                  | mutation]
 57713 | Slime:5  | Gained mutation: Your muscles are very strong. (Str +4)
                  | [potion of mutation]
 57713 | Slime:5  | Gained mutation: You expend magic power (3 MP) to
                  | strengthen your wands. [potion of mutation]
 57714 | Slime:5  | Lost mutation: You are partially covered in icy blue
                  | scales. (AC +2) [potion of mutation]
 57714 | Slime:5  | Lost mutation: Scrolls take you a little longer to read.
                  | [potion of mutation]
 57714 | Slime:5  | Gained mutation: Your body sometimes deteriorates upon
                  | taking damage. [potion of mutation]
 57714 | Slime:5  | Gained mutation: Your spells are a little easier to cast,
                  | but a little less powerful. [potion of mutation]
 57714 | Slime:5  | Gained mutation: You have a pair of small horns on your
                  | head. [potion of mutation]
 57729 | Slime:5  | Identified the Disquisition on Augmentations
 57738 | Slime:5  | Got a slimy rune of Zot
 57766 | Slime:5  | Got a scorched long sword
 57767 | Slime:5  | Identified the +3 long sword "Dext" {flame, rElec Dex+8}
                  | (You found it on level 5 of the Pits of Slime)
 57790 | Slime:5  | Identified the cursed +0 scimitar of the Saviour {slice,
                  | MR+} (You found it on level 5 of the Pits of Slime)
 58534 | Depths:1 | Entered Level 1 of the Depths
 58634 | Depths:1 | Noticed Bai Suzhen
 58649 | Depths:1 | Killed Bai Suzhen
 59166 | Depths:1 | Found a gateway to Hell.
 59279 | Depths:1 | Found a runed translucent door.
 59652 | Depths:1 | Found a one-way gate leading to the halls of Pandemonium.
 59891 | Depths:1 | Found a gateway to a ziggurat.
 60360 | Depths:2 | Noticed Sojobo
 60865 | Depths:2 | Identified Sif Muna's Volume of Icy Translocation (Sif Muna
                  | gifted it to you on level 2 of the Depths)
 60865 | Depths:2 | Received a gift from Sif Muna
 60876 | Depths:2 | Killed Sojobo
 61152 | Depths:2 | Found Seatog's Antique Armour Shop.
 61169 | Depths:2 | Noticed Saint Roka
 61194 | Depths:2 | Killed Saint Roka
 61194 | Depths:2 | Reached skill level 27 in Spellcasting
 61535 | Depths:2 | Bought an ichor-stained buckler for 237 gold pieces
 61535 | Depths:2 | Bought a pair of runed gloves for 187 gold pieces
 61538 | Depths:2 | Identified the +3 buckler of Leut {+Inv rElec} (You bought
                  | it in a shop on level 2 of the Depths)
 61548 | Depths:2 | Lost mutation: You expend magic power (3 MP) to strengthen
                  | your wands. [potion of mutation]
 61548 | Depths:2 | Lost mutation: You are frail. (-10% HP) [potion of
                  | mutation]
 61548 | Depths:2 | Gained mutation: You are clumsy. (Dex -2) [potion of
                  | mutation]
 61548 | Depths:2 | Gained mutation: You are very clumsy. (Dex -4) [potion of
                  | mutation]
 61548 | Depths:2 | Gained mutation: You evolve. [potion of mutation]
 62033 | Depths:2 | Identified the +4 scythe "Allacurus" {protect, rC+ rN++ MR+
                  | Str-3}
 62033 | Depths:2 | Identified the ring of Arrival {MP+9 Str+3}
 62048 | Depths:2 | Noticed a caustic shrike
 62050 | Depths:2 | Reached XP level 22. HP: 122/122 MP: 21/55
 62089 | Depths:2 | Killed a caustic shrike
 62493 | Depths:2 | Received a gift from Sif Muna
 63190 | Depths:3 | Identified the +6 dagger "Teeraoz" {speed, rPois rF- Str+2}
                  | (You found it on level 3 of the Depths)
 63733 | Depths:3 | Identified the ring "Heitsoge" {+Inv rElec rF- EV+6 Dex+3}
 64132 | Depths:3 | Reached ****** piety under Sif Muna
 64265 | Depths:3 | Got a smoking cloak
 64276 | Depths:3 | Identified the +3 cloak of Olocaplale {rC+ rN+} (You found
                  | it on level 3 of the Depths)
 64321 | Depths:3 | Got a pair of distressingly furry gloves
 64332 | Depths:3 | Identified the -7 pair of gloves of Resourcefulness {Str+4}
                  | (You acquired it on level 3 of the Depths)
 64355 | Depths:3 | Reached skill level 10 in Shields
 64388 | Depths:3 | Received a gift from Sif Muna
 64502 | Depths:3 | Identified the ring "Fyuberoe" {*Tele rElec}
 64630 | Depths:3 | Found a one-way gate to the infinite horrors of the Abyss.
 64721 | Depths:3 | Noticed a caustic shrike
 64721 | Depths:3 | Noticed a caustic shrike
 64730 | Depths:3 | Noticed a caustic shrike
 64731 | Depths:3 | Noticed a caustic shrike
 64732 | Depths:3 | Killed a caustic shrike
 64732 | Depths:3 | Killed a caustic shrike
 64733 | Depths:3 | Killed a caustic shrike
 64733 | Depths:3 | Killed a caustic shrike
 65691 | Depths:4 | Identified Tuaziw's Tome of the Creative Compass (Sif Muna
                  | gifted it to you on level 4 of the Depths)
 65691 | Depths:4 | Received a gift from Sif Muna
 65832 | Depths:4 | Reached XP level 23. HP: 120/127 MP: 22/56
 66388 | Depths:4 | Learned a level 8 spell: Controlled Blink
 66401 | Depths:4 | Learned a level 9 spell: Glaciate
 66701 | Depths:4 | Noticed Frederick
 66704 | Depths:4 | Killed Frederick
 66783 | Depths:4 | Received a gift from Sif Muna
 66783 | Depths:4 | Reached skill level 10 in Translocations
 66860 | Depths:4 | Reached skill level 1 in Ice Magic
 67024 | Depths:4 | Identified the +3 great sword of Adoism {drain, rElec
                  | Str+3}
 67244 | Depths:4 | Found a radiant altar of Vehumet.
 67517 | Depths:4 | Identified the Disquisition on the Volcanoes and Companions
 67781 | Depths:5 | Entered Level 5 of the Depths
 68288 | Depths:5 | Lost mutation: You sometimes yell uncontrollably at your
                  | foes. [evolution]
 68651 | Depths:5 | Noticed a caustic shrike
 68652 | Depths:5 | Noticed a caustic shrike
 68652 | Depths:5 | Noticed a caustic shrike
 68655 | Depths:5 | Killed a caustic shrike
 68659 | Depths:5 | Killed a caustic shrike
 68660 | Depths:5 | Killed a caustic shrike
 68660 | Depths:5 | Identified Sif Muna's Tome of Sinister Rites and
                  | Dislocation (Sif Muna gifted it to you on level 5 of the
                  | Depths)
 68660 | Depths:5 | Received a gift from Sif Muna
 69031 | Depths:5 | Paralysed by a floating eye for 4 turns
 69401 | Depths:5 | HP: 6/127 [poison (poison gas)]
 69407 | Depths:5 | HP: 4/127 [poison (poison gas)]
 69413 | Depths:5 | HP: 3/127 [poison (poison gas)]
 69421 | Depths:5 | HP: 4/127 [poison (poison gas)]
 69429 | Depths:5 | HP: 4/127 [poison (poison gas)]
 70040 | Depths:5 | Received a gift from Sif Muna
 70329 | Depths:5 | Reached XP level 24. HP: 132/132 MP: 53/56
 70414 | Depths:5 | Found a gate to the Realm of Zot.
 71214 | Vaults:1 | Entered Level 1 of the Vaults
 71258 | Vaults:1 | Found a flickering gateway to a bazaar.
 71266 | Bazaar   | Entered a bazaar
 71266 | Bazaar   | Found Vyopeunepp's Antique Armour Boutique.
 71266 | Bazaar   | Found Vafytzao's Jewellery Shoppe.
 71275 | Bazaar   | Found Lunonle's Book Shoppe.
 71277 | Bazaar   | Found Ustoib Laph's Distillery.
 71288 | Bazaar   | Bought a potion of heal wounds for 70 gold pieces
 71288 | Bazaar   | Bought a potion of heal wounds for 70 gold pieces
 71288 | Bazaar   | Bought a potion of heal wounds for 70 gold pieces
 71288 | Bazaar   | Bought a potion of haste for 140 gold pieces
 71307 | Bazaar   | Found Pintel Xarr's Assorted Antiques.
 71316 | Bazaar   | Bought a scroll of acquirement for 884 gold pieces
 71336 | Bazaar   | Bought a +5 amulet of reflection for 741 gold pieces
 71347 | Bazaar   | Got a pair of fine boots
 71358 | Bazaar   | Identified the +0 pair of boots of Ylore {-Tele rF+ Regen+
                  | Dex+6} (You acquired it in a bazaar)
 71396 | Bazaar   | Bought a brightly glowing leather armour for 273 gold
                  | pieces
 71398 | Bazaar   | Identified the cursed +0 leather armour of Defence
                  | {*Corrode rC++ Int+5} (You bought it in a shop in a bazaar)
 71870 | Vaults:1 | Reached skill level 5 in Ice Magic
 72023 | Vaults:1 | Received a gift from Sif Muna
 72920 | Shoals:4 | Bought a scroll of enchant armour for 75 gold pieces
 73366 | D:12     | You paid a toll of +3 ice dragon scales to enter a treasure
                  | trove
 73367 | Trove    | Entered a treasure trove
 73375 | Trove    | Got a transparent lead ring
 73376 | Trove    | Identified the ring "Wyifan" {EV+3 Str+4} (You found it in
                  | a treasure trove)
 73609 | Vaults:2 | Identified the ring "Guyn Xec" {+Blink rElec rF++ MR+ EV+4
                  | Str-2}
 73829 | Vaults:2 | Identified the ring "Ynnoh" {rElec Str+5 Stlth+}
 73994 | Vaults:2 | Identified Sif Muna's Incunabulum of Illusion (Sif Muna
                  | gifted it to you on level 2 of the Vaults)
 73994 | Vaults:2 | Received a gift from Sif Muna
 74203 | Vaults:2 | Identified the +10 spear "Fiuf" {vamp, rC+ MP+9} (You found
                  | it on level 2 of the Vaults)
 74562 | Vaults:2 | Lost mutation: You are very clumsy. (Dex -4) [evolution]
 75608 | Vaults:3 | Noticed Nikola
 75612 | Vaults:3 | Killed Nikola
 76016 | Vaults:3 | Noticed Jory
 76021 | Vaults:3 | Killed Jory
 76703 | Vaults:3 | Identified Sif Muna's Almanac of Unholy Conjuration (Sif
                  | Muna gifted it to you on level 3 of the Vaults)
 76703 | Vaults:3 | Received a gift from Sif Muna
 76742 | Vaults:3 | Reached XP level 25. HP: 136/136 MP: 43/56
 76824 | Vaults:3 | Noticed Agnes
 76831 | Vaults:3 | Killed Agnes
 77145 | Vaults:3 | Found a staircase to the Crypt.
 78321 | Vaults:4 | Got a fabulously ornate robe
 78322 | Vaults:4 | Identified the +3 robe "Wist" {rElec rF+} (You found it on
                  | level 4 of the Vaults)
 78652 | Vaults:4 | Identified Sif Muna's Handbook of Burning Evil (Sif Muna
                  | gifted it to you on level 4 of the Vaults)
 78652 | Vaults:4 | Received a gift from Sif Muna
 79030 | Vaults:4 | Found a bloodstained altar of Trog.
 79577 | Vaults:5 | Entered Level 5 of the Vaults
 79731 | Vaults:5 | Identified the +8 hand crossbow of the Postmodern Souls
                  | {venom, rF- rC+ Str+4 Dex+5}
 79733 | Vaults:5 | HP: 6/136 [titan/the air (14)]
 79761 | Vaults:5 | Gained mutation: You are occasionally teleported next to
                  | monsters. [evolution]
 79801 | Vaults:5 | Found the +3 sling "Punk" {acid, rCorr}
 79807 | Vaults:5 | Reached XP level 26. HP: 81/141 MP: 13/56
 80038 | Vaults:5 | Got a silver rune of Zot
 80060 | Vaults:5 | Identified the Almanac of Excruciating Flight
 80109 | Vaults:5 | Identified the cursed +0 spear "Minesh" {freeze, rC+ rN+}
 80192 | Vaults:5 | Found the amulet of the Air {Inacc +Fly rElec EV+5 RMsl}
 80192 | Vaults:5 | Upgraded the game from 0.24-a0-445-gd5110b030a to
                  | 0.24-a0-446-g87df7205b4
 80420 | Vaults:5 | Found Heysosm's Distillery.
 80440 | Vaults:5 | Killed an ancient lich
 80723 | Vaults:5 | Identified the cursed +1 shortbow "Vaoll" {flame, +Inv
                  | Str-2 Dex+2 SInv} (You found it on level 5 of the Vaults)
 80747 | Vaults:5 | Found Pauts's Distillery.
 80747 | Vaults:5 | Found Esuesirgh's Magic Scroll Shoppe.
 80752 | Vaults:5 | Bought a potion of heal wounds for 75 gold pieces
 80752 | Vaults:5 | Bought a potion of curing for 45 gold pieces
 80752 | Vaults:5 | Bought a potion of heal wounds for 75 gold pieces
 80752 | Vaults:5 | Bought a potion of magic for 120 gold pieces
 80752 | Vaults:5 | Bought a potion of magic for 120 gold pieces
 80759 | Vaults:5 | Bought a scroll of teleportation for 60 gold pieces
 80768 | Vaults:5 | Found Qaylomen's Distillery.
 80768 | Vaults:5 | Found Caacw's Magic Scroll Boutique.
 80773 | Vaults:5 | Bought a potion of experience for 700 gold pieces
 80780 | Vaults:5 | Reached XP level 27. HP: 146/146 MP: 56/56
 80797 | Vaults:5 | Found Bouxesk's Magic Scroll Emporium.
 80846 | Vaults:5 | Found Souch's Food Boutique.
 80865 | Vaults:5 | Found Hydwat's Magic Scroll Shoppe.
 80870 | Vaults:5 | Bought a scroll of blinking for 97 gold pieces
 80915 | Vaults:5 | Bought a scroll of enchant armour for 157 gold pieces
 81062 | Vaults:5 | Noticed an ancient lich
 81066 | Vaults:5 | Killed an ancient lich
 82886 | D:13     | Bought the ring "Iruargh" {rN++ MR+ AC+1 Int-2} for 306
                  | gold pieces
 83089 | Crypt:1  | Entered Level 1 of the Crypt
 83902 | Crypt:1  | Noticed Aizul
 83904 | Crypt:1  | Killed Aizul
 84616 | Crypt:2  | Reached skill level 10 in Ice Magic
 85862 | Crypt:3  | Entered Level 3 of the Crypt
 86189 | Crypt:3  | Found a basalt altar of Yredelemnul.
 87461 | Crypt:3  | Found a staircase to the Tomb.
 87506 | Tomb:1   | Entered Level 1 of the Tomb of the Ancients
 87625 | Tomb:1   | Reached skill level 15 in Translocations
 88147 | Tomb:1   | Noticed a greater mummy
 88156 | Tomb:1   | Killed a greater mummy
 88314 | Tomb:1   | Noticed a greater mummy
 88316 | Tomb:1   | Killed a greater mummy
 89054 | Tomb:1   | Identified the +11 shortbow of Disgust {venom, MR+}
 89393 | Tomb:2   | Noticed a greater mummy
 89394 | Tomb:2   | Noticed an ancient lich
 89394 | Tomb:2   | Noticed a greater mummy
 89394 | Tomb:2   | Noticed a greater mummy
 89394 | Tomb:2   | Noticed a greater mummy
 89396 | Tomb:2   | Killed a greater mummy
 89400 | Tomb:1   | HP: 5/140 [poison (dark miasma)]
 89864 | Tomb:1   | Noticed a greater mummy
 89869 | Tomb:1   | Killed a greater mummy
 89871 | Tomb:1   | Noticed a greater mummy
 90013 | Tomb:1   | Noticed a greater mummy
 90017 | Tomb:1   | Killed a greater mummy
 90244 | Tomb:1   | Killed a greater mummy
 90441 | Tomb:2   | Killed a greater mummy
 90441 | Tomb:2   | Killed a greater mummy
 90443 | Tomb:2   | Killed a greater mummy
 90466 | Tomb:2   | Killed an ancient lich
 90466 | Tomb:2   | Reached skill level 27 in Fire Magic
 91213 | Tomb:2   | Identified the cursed +0 plate armour of Royalty {rElec
                  | Regen+ Str-4 Dex+9}
 91624 | Tomb:1   | Learned a level 8 spell: Disjunction
 91790 | Tomb:3   | Entered Level 3 of the Tomb of the Ancients
 91791 | Tomb:3   | Found the +4 skin of Zhor {Hibernate rC+++ SInv}
 91798 | Tomb:3   | Noticed a greater mummy
 91812 | Tomb:3   | Noticed a greater mummy
 91815 | Tomb:3   | Killed a greater mummy
 91818 | Tomb:3   | Gained mutation: Your body often deteriorates upon taking
                  | damage. [a cacodemon]
 91821 | Tomb:3   | Noticed a greater mummy
 91826 | Tomb:3   | Lost mutation: You can translocate small distances at will.
                  | [a cacodemon]
 91828 | Tomb:3   | Noticed a greater mummy
 91830 | Tomb:3   | HP: 3/142 [guardian mummy (6)]
 91831 | Tomb:3   | Mangled by a death scarab

Levels and vault maps discovered:
D:1:      dpeg_arrival_ratfight, layout_basic
D:2:      layout_loops_ring, nemelex_xobeh_ov_fountains_minmay, uniq_terence,
          uniq_crazy_yiuf_cottage, uniq_jessica
D:3:      layout_basic, lemuel_round_altar
D:4:      layout_basic, first_ration, lightli_ossuary_entry_decrepit_ruins,
          uniq_robin
D:5:      layout_gridville, minitemple, tso_metal_star,
          minmay_temple_entry_hall, gup_sewer_entry_spiral,
          kennysheep_generic_room_8, uniq_blork_the_orc
D:6:      layout_loops_ring
D:7:      layout_basic, uniq_menkaure
D:8:      minmay_the_grid_octo_tiled_squarecenter
          [minmay_the_grid_octo_pinwheel, minmay_the_grid_octo_concentric,
          minmay_the_grid_octo_focus, minmay_the_grid_octo_teeth,
          minmay_the_grid_square_5x5_megaprize_diamond,
          minmay_the_grid_square_5x5_forky,
          minmay_the_grid_square_5x5_two_walls_a,
          minmay_the_grid_square_5x5_almost_minimal,
          minmay_the_grid_square_5x5_shuriken], layout_layer_cave,
          lemuel_doored_altar, gammafunk_ghost_necromancy, basic_altar
D:9:      layout_loops_corners, ebering_ghost_inner_flame,
          chequers_serial_rivers_micro_d, grunt_pizzeria,
          hangedman_decor_points, kennysheep_generic_room_4
D:10:     layout_basic, corner_web_ring, serial_bayou_pond_e,
          grunt_ministairs_12
D:11:     layout_basic, erik_lair_island, erik_orc_1
D:12:     layout_roguey, enter_trove_1
D:13:     layout_roguey, serial_shops, shop, basic_altar,
          chequers_serial_rivers_marsh, xom_confusion_cloud
D:14:     layout_stronghold, lightli_vaults_fourway_checkpoint,
          minmay_crystal_water
D:15:     gammafunk_depths_entry_grave, layout_basic
Temple:   dshaligram_water_room_temple
Lair:1:   layout_chaotic_city, uniq_gastronok
Lair:2:   lemuel_reptile_caves, layout_concentric_octagons,
          elwin_shoals_entry_rooms
Lair:3:   layout_cave_pods, grunt_megastairs_2, lemuel_fruit_tree,
          serial_bayou_shore_a, uniq_rupert
Lair:4:   layout_roguey [special_room_bee], dummy_snake_entry,
          gammafunk_ghost_hydra_chop
Lair:5:   layout_cave_pods, basic_altar, serial_bayou_pond_e,
          grunt_forest_large_clearings
Lair:6:   due_jungle_book, layout_long_grid, dpeg_slime_entry_enclosed_altar,
          lemuel_old_faithful
Shoals:1: layout_shoals, dpeg_stationary_puzzle
Shoals:2: cheibrodos_shoals_roost, layout_shoals
Shoals:3: layout_shoals, uniq_polyphemus, uniq_louise
Shoals:4: shoals_end_simple, layout_shoals, shoals_ilsuiw_alternative,
          serial_shops, nicolae_shop_stone, uniq_donald, uniq_mara
Snake:1:  layout_cave_pods, ebering_ghost_disaster_area, serial_bayou_shore_b,
          minmay_shoptagon
Snake:2:  layout_honeycomb, serial_shops,
          nicolae_shop_temple_entry_statues_fountains, st_stairs_8
Snake:3:  layout_gridlike, drop_trap, nicolae_snake_single_loop,
          minmay_shop_grove, serial_bayou_shore_b
Snake:4:  grunt_snake_rune_pools, layout_cave_town, serial_shops, shop_statue,
          uniq_roxanne, uniq_vashnia
Slime:1:  layout_caves, basic_altar, cheibrodos_slime_lost_civilization_7
Slime:2:  layout_caves, cheibrodos_slime_lost_civilization_4
Slime:3:  layout_caves, cheibrodos_slime_lost_civilization_5
Slime:4:  layout_caves
Slime:5
Orc:1:    layout_caves, serial_shops, shop_fountains, shop
Orc:2:    st_orc_mages, layout_caves, basic_altar, statue_in_the_mist_lemuel,
          uniq_josephine, uniq_urug
Elf:1:    eino_elf_arrival_shootout, layout_rooms, serial_shops,
          nicolae_shop_overgrown_old_shop, minmay_elf_sorcery
Elf:2:    layout_loops_cross, serial_shops, shop, mu_enter_wizlab_7
Elf:3:    elf_hall, layout_geoelf_grid, minmay_misc_feat_cross, drop_trap
Vaults:1: vaults_room_pools, vaults_room_door_ring,
          hangedman_vaults_stretched_pinwheel, hangedman_vaults_unwind,
          hangedman_vaults_restitches, nicolae_vaults_angled_halls, st_cross,
          grunt_vaults_bifocal, hangedman_vaults_stitches,
          vaults_room_grunt_arrival_ludios, v_rooms_2, v_rooms_1,
          ontoclasm_vaults_decontamination, layout_vaults_omnibox, serial_shops,
          bzr_entry_dummy
Vaults:2: st_greater_box_2, nicolae_vaults_network_periphery,
          nicolae_vaults_hallways_thing, v_misc_8, v_misc_25,
          vaults_standard_mumra_x, v_pattern_4, layout_vaults_chaotic_city
Vaults:3: nicolae_vaults_inception_statues, v_misc_3, hangedman_vaults_snaps,
          v_alt_pattern_6, v_misc_2, minmay_crypt_entry_simple_walls,
          hangedman_vaults_impose, v_misc_19, hangedman_vaults_impose,
          ontoclasm_vaults_spin, grunt_vaults_twisty, ontoclasm_vaults_tryst,
          sword_in_stone, layout_vaults_omnicross, uniq_jory, uniq_nikola
Vaults:4: nicolae_vaults_shelves_hall, dpeg_vaults_monster_box,
          vaults_standard_mumra_lines, v_misc_31, nicolae_vaults_specimen_jars,
          ontoclasm_vaults_fault, ontoclasm_vaults_chip, layout_vaults_omnigrid,
          basic_altar
Vaults:5
Crypt:1:  layout_gridlike, grunt_megastairs_3, uniq_aizul
Crypt:2:  layout_gridlike, serial_glass, glass_columns_a, glass_columns_a,
          glass_columns_b, glass_columns_c, item_on_display_a
Crypt:3:  grunt_crypt_end_deaths_head, uniq_frederick
Tomb:1
Tomb:2
Tomb:3
Depths:1: layout_gridlike, enter_ziggurat_d, hell_entry, rand_demon_pan_entry_4,
          kennysheep_decorative_pillar, chequers_hall_statues_y,
          minmay_hidden_floor, uniq_bai_suzhen
Depths:2: minmay_tile_spiral, layout_small_grid, serial_bayou_pond_c,
          grunt_mini_vestibule, minmay_shop_star, infiniplex_staircase_zigzag_5,
          uniq_saint_roka, uniq_sojobo
Depths:3: grunt_arcs, layout_basic, nicolae_abyss_entry_one_way_or_another,
          minmay_curled_crystal, hell_entry, grunt_pan_entry_zigzag,
          minmay_protected_statue, serial_bayou_shore_b
Depths:4: evilmike_halls_of_destruction, layout_cave_shapes,
          serial_sigils_hangedman_snap, hellmouth_3, abyss_entry,
          kilobyte_rumbling_trees
Depths:5: grunt_runaround [grunt_runaround_doors_1, grunt_runaround_doors_2,
          grunt_runaround_doors_3, grunt_runaround_doors_4,
          grunt_runaround_zot], pan_entry, serial_shops, hell_entry

Skill      XL: |  1  2  3  4  5  6  7  8  9 10 11 12 13 14 15 16 17 18 19 20 21 22 23 24 25 26 27 |
---------------+----------------------------------------------------------------------------------+-----
Fire Magic     | 4 5 6 7 9 10 12 13 14 15 16 17 18 19 20 21 22 23 25 27 | 27.0
Conjurations   | 2 3 4 5 6 8 10 11 12 13 14 15 16 17 18 19 21 22 23 25 26 | 26.9
Dodging        | 3 4 5 6 7 8 |  8.6
Spellcasting   | 4 6 7 9 11 13 14 16 18 19 20 21 22 23 24 26 27 | 27.0
Stealth        | 3 4 5 6 |  6.4
Hexes          | 1 2 4 6 |  6.1
Short Blades   | 1 2 |  2.9
Staves         | 1 2 3 |  3.0
Fighting       | 1 2 3 4 5 6 7 8 |  8.1
Invocations    | 1 2 3 4 5 |  5.1
Maces & Flails | 1 |  1.0
Poison Magic   | 1 |  1.7
Translocations | 3 4 5 7 8 9 11 12 13 16 | 16.1
Air Magic      | 3 4 |  4.3
Armour         | 2 4 5 |  5.0
Charms         | 1 2 |  2.5
Summonings     | 2 3 4 |  4.4
Shields        | 4 6 9 10 | 10.0
Ice Magic      | 4 7 9 12 | 12.3
Throwing       | |  0.8
Evocations     | |  0.8

Action                   |  1- 3 |  4- 6 |  7- 9 | 10-12 | 13-15 | 16-18 | 19-21 | 22-24 | 25-27 || total
-------------------------+-------+-------+-------+-------+-------+-------+-------+-------+-------++-------
Melee: Unarmed           |     9 |       |       |       |       |       |       |       |       ||     9
       Dagger            |    17 |    97 |       |       |       |       |       |       |       ||   114
       Rapier            |       |     2 |    43 |       |       |       |       |       |       ||    45
       Quarterstaff      |       |       |    56 |       |       |       |       |       |       ||    56
       Short sword       |       |       |     1 |       |   116 |     4 |       |       |    11 ||   132
       Great mace        |       |       |       |    25 |       |       |       |       |       ||    25
       Staff             |       |       |       |    32 |    79 |    15 |     1 |     7 |       ||   134
       Headbutt          |       |       |       |       |       |       |       |     1 |     3 ||     4
Throw: Dart              |     2 |       |     2 |     7 |     3 |       |       |       |       ||    14
       Boomerang         |       |       |       |       |     3 |       |       |       |       ||     3
 Cast: Flame Tongue      |    75 |   147 |   283 |   394 |   604 |   136 |   100 |    26 |    75 ||  1840
       Conjure Flame     |       |     6 |     9 |    25 |     8 |       |       |       |       ||    48
       Sticky Flame      |       |     3 |    16 |    46 |     2 |       |       |       |       ||    67
       Inner Flame       |       |     1 |       |     1 |     4 |       |       |       |       ||     6
       Confuse           |       |       |     5 |    17 |    14 |     1 |     2 |       |       ||    39
       Fireball          |       |       |     7 |    47 |   113 |   137 |    92 |     9 |       ||   405
       Force Lance       |       |       |       |    12 |    13 |    20 |    23 |    29 |    30 ||   127
       Summon Guardian G |       |       |       |     4 |       |       |       |       |       ||     4
       Mephitic Cloud    |       |       |       |     7 |    22 |     5 |       |       |       ||    34
       Bolt of Fire      |       |       |       |     8 |   125 |   155 |   190 |    96 |   156 ||   730
       Iskenderun's Batt |       |       |       |       |    48 |    38 |    22 |     2 |       ||   110
       Airstrike         |       |       |       |       |     2 |       |       |       |       ||     2
       Orb of Destructio |       |       |       |       |    15 |    73 |    74 |    99 |    16 ||   277
       Invisibility      |       |       |       |       |     2 |     2 |       |       |     1 ||     5
       Blink             |       |       |       |       |     4 |    10 |     8 |    11 |    16 ||    49
       Spellforged Servi |       |       |       |       |       |    24 |    30 |    17 |    10 ||    81
       Ignition          |       |       |       |       |       |    23 |    81 |    12 |    30 ||   146
       Deflect Missiles  |       |       |       |       |       |     1 |     4 |     1 |     1 ||     7
       Fire Storm        |       |       |       |       |       |       |    14 |   173 |   196 ||   383
       Glaciate          |       |       |       |       |       |       |       |     5 |     5 ||    10
       Controlled Blink  |       |       |       |       |       |       |       |     1 |     3 ||     4
       Disjunction       |       |       |       |       |       |       |       |       |     4 ||     4
Invok: Channel Magic     |       |       |       |     8 |    24 |    17 |    12 |    10 |    31 ||   102
       Divine Energy     |       |       |       |       |       |       |       |     1 |       ||     1
       Stop Divine Energ |       |       |       |       |       |       |       |     1 |       ||     1
Evoke: Wand              |       |       |       |       |     2 |     5 |     3 |     3 |     2 ||    15
  Use: Potion            |     1 |     1 |     1 |     1 |    11 |     9 |     9 |     5 |    19 ||    57
       Scroll            |       |       |       |    23 |     9 |    12 |    16 |    20 |    21 ||   101
 Stab: Sleeping          |     3 |    11 |     5 |     1 |     2 |     1 |       |       |       ||    23
       Confused          |       |       |       |       |     7 |     1 |       |       |       ||     8
       Petrified         |       |       |       |       |     1 |       |       |       |       ||     1
  Eat: Chunk             |     1 |     7 |    15 |    19 |    67 |    33 |    17 |    28 |    15 ||   202
       Ration            |       |     1 |       |     4 |       |     2 |    10 |     5 |    12 ||    34
Armor: Robe              |    15 |     9 |    63 |    53 |   123 |    50 |    52 |    12 |    23 ||   400
Dodge: Dodged            |    47 |    49 |   174 |   198 |   374 |   119 |   111 |    57 |    30 ||  1159
       Deflected         |       |       |       |       |       |     6 |    25 |    22 |     5 ||    58
Block: Buckler           |       |       |       |       |       |       |    41 |    27 |    11 ||    79
       Reflection        |       |       |       |       |       |       |       |     4 |     7 ||    11
       Large shield      |       |       |       |       |       |       |       |       |    82 ||    82

Table legend:
 A = Non-vault XP
 B = Vault XP
 C = Vault XP percentage of total XP
 D = Non-vault monster count
 E = Vault monster count
 F = Vault count percentage of total count
                 A         B        C        D         E       F
            +---------+---------+-------+---------+---------+-------
      Total |  679641 |  976570 |  59.0 |    1566 |    1277 |  44.9
            +---------+---------+-------+---------+---------+-------
        D:1 |      64 |       5 |   7.2 |      32 |       5 |  13.5
        D:2 |     105 |     113 |  51.8 |      21 |       3 |  12.5
        D:3 |     144 |       0 |   0.0 |      33 |       0 |   0.0
        D:4 |     127 |      34 |  21.1 |       9 |      11 |  55.0
        D:5 |     414 |     114 |  21.6 |      20 |       8 |  28.6
        D:6 |    1112 |       0 |   0.0 |      25 |       0 |   0.0
        D:7 |     931 |     169 |  15.4 |      22 |       1 |   4.3
        D:8 |    2618 |    6736 |  72.0 |      29 |      31 |  51.7
        D:9 |    1286 |    1089 |  45.9 |      31 |       4 |  11.4
       D:10 |    3227 |     327 |   9.2 |      12 |       2 |  14.3
       D:11 |    3278 |    1446 |  30.6 |      32 |      26 |  44.8
       D:12 |    3911 |       0 |   0.0 |      21 |       0 |   0.0
       D:13 |    5719 |    2921 |  33.8 |      20 |       7 |  25.9
       D:14 |   11126 |    5354 |  32.5 |      20 |      10 |  33.3
       D:15 |   22068 |    4030 |  15.4 |      50 |       8 |  13.8
     Lair:1 |    1915 |    2276 |  54.3 |      10 |       1 |   9.1
     Lair:2 |    3160 |    1822 |  36.6 |      14 |      38 |  73.1
     Lair:3 |    2633 |    4267 |  61.8 |      13 |       7 |  35.0
     Lair:4 |    4723 |    5754 |  54.9 |      15 |      29 |  65.9
     Lair:5 |    5886 |    4414 |  42.9 |      23 |      32 |  58.2
     Lair:6 |   12124 |    2817 |  18.9 |      30 |       5 |  14.3
   Shoals:1 |   14095 |     750 |   5.1 |      30 |       1 |   3.2
   Shoals:2 |   15846 |    3038 |  16.1 |      29 |       6 |  17.1
   Shoals:3 |   19044 |    7409 |  28.0 |      34 |       6 |  15.0
   Shoals:4 |    8335 |   32412 |  79.5 |      16 |      40 |  71.4
    Snake:1 |   15067 |    1739 |  10.3 |      30 |       1 |   3.2
    Snake:2 |   10149 |     878 |   8.0 |      19 |       2 |   9.5
    Snake:3 |   17706 |       0 |   0.0 |      34 |       0 |   0.0
    Snake:4 |   27124 |   43782 |  61.7 |      51 |      63 |  55.3
    Slime:1 |   17847 |    2185 |  10.9 |      28 |       3 |   9.7
    Slime:2 |   17386 |       0 |   0.0 |      32 |       0 |   0.0
    Slime:3 |   20491 |       0 |   0.0 |      36 |       0 |   0.0
    Slime:4 |   17794 |       0 |   0.0 |      14 |       0 |   0.0
    Slime:5 |   14534 |   24619 |  62.9 |      28 |      14 |  33.3
      Orc:1 |    2662 |     835 |  23.9 |      34 |       1 |   2.9
      Orc:2 |    8285 |    7447 |  47.3 |      54 |      46 |  46.0
      Elf:1 |   19903 |    7528 |  27.4 |      35 |      13 |  27.1
      Elf:2 |   16203 |   24352 |  60.0 |      33 |      30 |  47.6
      Elf:3 |   15668 |   34218 |  68.6 |      25 |      26 |  51.0
   Vaults:1 |   16792 |   27104 |  61.7 |      33 |      51 |  60.7
   Vaults:2 |    8564 |   49524 |  85.3 |      15 |      48 |  76.2
   Vaults:3 |   32684 |   30460 |  48.2 |      58 |      27 |  31.8
   Vaults:4 |   29236 |   27962 |  48.9 |      47 |      30 |  39.0
   Vaults:5 |   30154 |  123828 |  80.4 |      43 |      82 |  65.6
    Crypt:1 |   17443 |    8230 |  32.1 |      32 |      10 |  23.8
    Crypt:2 |   31974 |       0 |   0.0 |      45 |       0 |   0.0
    Crypt:3 |       0 |   66673 | 100.0 |       0 |     110 | 100.0
     Tomb:1 |   13137 |   71002 |  84.4 |      43 |      43 |  50.0
     Tomb:2 |    8319 |   46092 |  84.7 |      20 |      52 |  72.2
     Tomb:3 |    4899 |   13444 |  73.3 |      15 |      21 |  58.3
   Depths:1 |   18891 |   14220 |  42.9 |      23 |      15 |  39.5
   Depths:2 |   20207 |   57352 |  73.9 |      32 |      39 |  54.9
   Depths:3 |   28440 |   55773 |  66.2 |      34 |      49 |  59.0
   Depths:4 |   41259 |   30184 |  42.2 |      48 |      41 |  46.1
   Depths:5 |     808 |  114456 |  99.3 |       3 |      81 |  96.4
      Sewer |       0 |     398 | 100.0 |       0 |      63 | 100.0
    Ossuary |       0 |     215 | 100.0 |       0 |      30 | 100.0
     WizLab |   12124 |    4773 |  28.2 |      31 |       5 |  13.9
            +---------+---------+-------+---------+---------+-------
